 Dungeon Crawl Stone Soup version 0.32-a0-818-gb728d02 (webtiles) character file.

Game seed: 2395581572625032275

32 Dorkslayer the Shield-Bearer (level 3, -3/26 HPs)
             Began as an Octopode Fighter on Mar 24, 2024.
             Killed from afar by an orc wizard (9 damage)
             ... with a magic dart
             ... on level 2 of the Dungeon.
             The game lasted 00:01:48 (1009 turns).

Dorkslayer the Shield-Bearer (Octopode Fighter)     Turns: 1009, Time: 00:01:49

Health: -3/26      AC:  1    Str: 17    XL:     3   Next: 27%
Magic:  3/3        EV: 12    Int: 10    God:
Gold:   8          SH:  4    Dex: 11    Spells: 2/2 levels left

rFire   . . .        a - +0 war axe
rCold   . . .        b - +0 buckler
rNeg    . . .        (helmet restricted)
rPois   .            (no amulet)
rElec   .            (no ring)
rCorr   .            (no ring)
SInv    .            (no ring)
Will    .....        (no ring)
Stlth   ++           (no ring)
HPRegen 0.24/turn    (no ring)
MPRegen 0.08/turn    (no ring)
                     (no ring)

%: no passive effects
@: no status effects
A: almost no armour, amphibious, 8 rings, camouflage 1, gelatinous body 1,
(nimble swimmer 1), tentacles
a: no special abilities


You were on level 2 of the Dungeon.
You visited 1 branch of the dungeon, and saw 2 of its levels.

You collected 8 gold pieces.

Inventory:

Hand Weapons
 a - a +0 war axe (weapon)
Missiles
 h - 4 boomerangs (quivered)
Armour
 b - a +0 buckler (worn)
Scrolls
 d - 3 scrolls of identify {unknown}
 e - 2 scrolls of brand weapon {unknown}
 f - a scroll of blinking {unknown}
 g - a scroll of enchant armour {unknown}
Potions
 c - 2 potions of might


   Skills:
 + Level 3.4 Fighting
 + Level 2.3 Axes
 + Level 3.1 Dodging
 + Level 0.7 Stealth
 + Level 3.4 Shields


You had 2 spell levels left.
You didn't know any spells.
Your spell library contained the following spells:

 Spells                   Type           Power      Damage    Failure   Level
 Magic Dart               Conj           0%         1d3       43%         1
 Blink                    Tloc           0%         N/A       58%         2
 Call Imp                 Summ           0%         N/A       58%         2


Dungeon Overview and Level Annotations

Branches:
Dungeon (2/15)

Altars:


Innate Abilities, Weirdness & Mutations

You cannot wear most types of armour.
You are amphibious.
You can wear up to eight rings at the same time.
Your skin changes colour to match your surroundings (Stealth+).
Your rubbery body absorbs attacks. (AC +1, EV +1)
((You are camouflaged when in or above water. (Stealth+)))
You have tentacles for arms and can constrict up to eight enemies at once.


Message History

You closely miss the orc. You constrict the orc.
You kill the orc!
The orc closely misses you. The orc misses you.
You hit the adder. Your grab misses the adder.
The adder is heavily wounded.
You closely miss the orc. The adder closely misses you.
The bat closely misses you. The adder misses you.
The orc hits you with a +0 flail.
You closely miss the adder. Your grab misses the adder.
The adder is heavily wounded.
You hit the orc but do no damage. The bat barely misses you.
The adder bites you. You block the orc's attack. The adder bites you.
The bat hits you but does no damage.
Unknown command.
You barely miss the adder. Your grab misses the adder.
Your squeeze misses the adder.
The adder is heavily wounded.
You barely miss the bat. You completely miss the orc. You hit the orc.
The bat closely misses you. The adder closely misses you. x2
The orc closely misses you. x2
You barely miss the adder. Your grab misses the adder. You squeeze the adder.
The adder is almost dead.
You closely miss the orc wizard. You slash the orc!
You kill the orc!
You closely miss the orc. The bat barely misses you.
The adder barely misses you. The orc misses you.
The orc wizard hits you with a +0 dagger.
The adder closely misses you.
You barely miss the adder. You grab the adder.
The adder is almost dead.
You barely miss the orc. You slash the bat!
You kill the bat!
You hit the orc wizard. You constrict the adder.
You kill the adder!
The orc hits you with a +0 flail.
* * * LOW HITPOINT WARNING * * *
You block the orc wizard's attack. The orc closely misses you.
The orc wizard gestures at you while chanting.
The magic dart hits you!
You die...

##############
##.....##.....##
##..............##
#................#
##....<........)..# .
##.................#
...#..................#
......o)..............#
......)@†..)..........#
.......o.............##
.............##....<##
..#..........########
............##
###..........#
#.........>#
#..........#


You could see an orc wizard and an orc.

Vanquished Creatures
  An adder (D:2)
  2 orcs (D:2)
  4 ball pythons (D:1)
  2 endoplasms (D:1)
  2 giant cockroaches (D:1)
  3 goblins
  2 quokkas (D:1)
  3 bats
  2 frilled lizards
  4 kobolds
  4 rats (D:1)
29 creatures vanquished.

Notes
Turn   | Place    | Note
-------+----------+-------------------------------------------
     0 | D:1      | Dorkslayer the Octopode Fighter began the quest for the
                  | Orb.
     0 | D:1      | Reached XP level 1. HP: 16/16 MP: 1/1
   247 | D:1      | Found a faded altar of an unknown god.
   295 | D:1      | Reached XP level 2. HP: 15/21 MP: 2/2
   932 | D:1      | Reached XP level 3. HP: 26/26 MP: 3/3
  1009 | D:2      | Killed from afar by an orc wizard

Illustrated notes

Levels and vault maps discovered:
D:1:      spicycebolla_green_bress_n_ham_2, layout_basic,
          shapermc_ecumenical_altar_flowoftime, minivault_19
D:2:      layout_rooms

Action                     || total
---------------------------++-------
  Melee: War axe           ||    57
         Constrict         ||    24
         Tentacles         ||     8
   Stab: Sleeping          ||     8
 Armour: Skin              ||    18
  Dodge: Dodged            ||    37
  Block: Buckler           ||    10

Table legend: (Time is in decaauts)
 A = Elapsed time spent in this place.
 B = Non-inter-level travel time spent in this place.
 C = Inter-level travel time spent in this place.
 D = Time resting spent in this place.
 E = Time spent auto-exploring this place.
 F = Levels seen in this place.
 G = Mean time per level.
                   A        B        C        D        E       F      G
               +--------+--------+--------+--------+--------+-----+--------+
         Total |   1033 |   1033 |      0 |      0 |    584 |   2 |  516.5 |
       Dungeon |   1033 |   1033 |      0 |      0 |    584 |   2 |  516.5 |
               +--------+--------+--------+--------+--------+-----+--------+

Top non-repeatable levels by time:
     D:1: 994 daAuts
     D:2: 38 daAuts
